 Dungeon Crawl Stone Soup version 0.19.1-1-g22dce08 (webtiles) character file.

149 doot the Spear-Bearer (level 5, -11/38 HPs)
             Began as a Merfolk Gladiator on Dec 28, 2016.
             Was an Initiate of Makhleb.
             Killed by divine providence
             ... invoked by an orc priest
              (13 damage)
             ... on level 3 of the Dungeon.
             The game lasted 00:14:00 (2724 turns).

doot the Spear-Bearer (Merfolk Gladiator)           Turns: 2724, Time: 00:14:01

Health: -11/38     AC:  5    Str: 16    XL:     5   Next: 31%
Magic:  5/5        EV: 14    Int:  7    God:    Makhleb [......]
Gold:   216        SH:  0    Dex: 15    Spells: 2 memorised, 2 levels left

rFire  . . .     SeeInvis .     a - +0 trident
rCold  . . .     Gourm    .     b - +0 leather armour
rNeg   . . .     Faith    .     (no shield)
rPois  .         Spirit   .     u - +0 helmet
rElec  .         Reflect  .     n - +0 cloak
rCorr  .         Harm     .     (no gloves)
MR     .....                    (no boots)
Stlth  ++........               (no amulet)
                                (no ring)
                                i - ring of stealth

@: no status effects
A: change form in water, swift swim, stealthy swim
a: Renounce Religion


You were on level 3 of the Dungeon.
You worshipped Makhleb.
Makhleb was noncommittal.
You were not hungry.

You visited 1 branch of the dungeon, and saw 3 of its levels.

You collected 216 gold pieces.

Inventory:

Hand Weapons
 a - a +0 trident (weapon)
Missiles
 d - 3 throwing nets (quivered)
Armour
 b - a +0 leather armour (worn)
 c - a +0 helmet
 n - a +0 cloak (worn)
 u - a +0 helmet (worn)
Jewellery
 i - a ring of stealth (left hand)
Scrolls
 e - 2 scrolls of enchant armour {unknown}
 g - 5 scrolls of blinking {unknown}
 l - 4 scrolls of identify {unknown}
 m - a scroll of enchant weapon {unknown}
 p - a scroll of fear {unknown}
 q - a scroll of remove curse {unknown}
 r - a scroll of amnesia {unknown}
 t - a scroll of noise {unknown}
Potions
 j - a potion of flight {unknown}
 o - 2 potions of curing {unknown}
 v - a potion of haste {unknown}
Books
 s - a book of Cantrips

   Spells                             Type                      Level
   a - Confusing Touch                Hexes                        1
   b - Animate Skeleton               Necromancy                   1
   c - Summon Small Mammal            Summoning                    1
   d - Apportation                    Translocation                1
Comestibles
 f - a bread ration
 h - 2 meat rations
 k - 3 fruits
 w - a slice of pizza


   Skills:
 - Level 2.1 Fighting
 + Level 8.4 Polearms
 - Level 2.0 Throwing
 - Level 4.0 Dodging


You had 2 spell levels left.
You knew the following spells:

 Your Spells              Type           Power        Failure   Level  Hunger
a - Confusing Touch       Hex            #.....       61%         1    ##.....
b - Animate Skeleton      Necr           N/A          61%         1    ##.....


Dungeon Overview and Level Annotations

Branches:
Dungeon (3/15)

Altars:
Makhleb
Zin


Message History

You barely miss the orc priest.
The orc priest is severely wounded.
The orc closely misses you. The orc misses you.
You hit the orc priest but do no damage.
The orc priest is severely wounded.
The orc priest invokes the aid of Beogh against you.
Pain shoots through your body! The orc closely misses you.
The orc hits you but does no damage.
You hit the orc priest.
The orc priest is almost dead.
The orc priest mumbles some strange prayers to Beogh against you.
Beogh smites you!
* * * LOW HITPOINT WARNING * * *
Things that are here:
a dagger; a robe The orc hits you with a short sword.
* * * LOW HITPOINT WARNING * * *
The orc priest invokes the aid of Beogh against you.
Beogh smites you!
You die...

...#.......... .. ....#
...'......... .... ..# #........
###....### #
##....%..######........ <#
.......S'.S.......... ....
##......##o.....##..# ....
#......##......##..##..#
#.........oo.......#....
#...........@###.....#.##
##..............#.....#..#
#.....................##.###
#....##...............##.#.#
.......##....#...............#
.............'...............##
.............#................##
.............#............†....#
.............#............(....#


You could see an orc priest, an adder and 2 orcs.

Vanquished Creatures
  An orc priest (D:3)
  3 adders
  A worm (D:2)
  4 dart slugs
  A leopard gecko (D:3)
  4 orcs (D:3)
  6 giant cockroaches
  22 goblins
  12 hobgoblins
  A ball python (D:3)
  A bat (D:1)
  A frilled lizard (D:2)
  5 kobolds
  7 rats
69 creatures vanquished.

Vanquished Creatures (collateral kills)
  A hobgoblin (D:2)
1 creature vanquished.

Grand Total: 70 creatures vanquished

Notes
Turn   | Place    | Note
-------+----------+-------------------------------------------
     0 | D:1      | doot the Merfolk Gladiator began the quest for the Orb.
     0 | D:1      | Reached XP level 1. HP: 16/16 MP: 1/1
    39 | D:1      | Reached skill level 5 in Polearms
    40 | D:1      | Reached XP level 2. HP: 12/22 MP: 2/2
   457 | D:1      | Reached skill level 6 in Polearms
   457 | D:1      | Reached XP level 3. HP: 25/27 MP: 3/3
   804 | D:2      | Learned a level 1 spell: Confusing Touch
   806 | D:2      | Learned a level 1 spell: Animate Skeleton
  1426 | D:2      | Reached skill level 7 in Polearms
  1426 | D:2      | Reached XP level 4. HP: 32/33 MP: 4/4
  2128 | D:3      | Reached skill level 8 in Polearms
  2128 | D:3      | Reached XP level 5. HP: 6/38 MP: 5/5
  2537 | D:3      | Noticed a blizzard demon
  2538 | D:3      | Found a burning altar of Makhleb.
  2541 | D:3      | Found a glowing silver altar of Zin.
  2542 | D:3      | Noticed an angel
  2653 | D:3      | Became a worshipper of Makhleb the Destroyer
  2724 | D:3      | Killed from afar by an orc priest

Skill      XL: |  1  2  3  4 |
---------------+-------------+-----
Polearms       | 5 6 7 8 |  8.4
Fighting       | |  2.1
Throwing       | |  2.0
Dodging        | |  4.0

Action                   |  1- 3 |  4- 6 || total
-------------------------+-------+-------++-------
Melee: Trident           |   120 |   110 ||   230
 Cast: Animate Skeleton  |     2 |       ||     2
 Stab: Sleeping          |     3 |       ||     3
       Distracted        |     1 |       ||     1
  Eat: Chunk             |     2 |     4 ||     6
Armor: Leather armour    |    20 |    18 ||    38
Dodge: Dodged            |    54 |    46 ||   100
